 Dungeon Crawl Stone Soup version 0.21.1-1-g345015fe64 (webtiles) character file.

29 Kohma the Sneak (level 3, -8/18 HPs)
             Began as a Vine Stalker Assassin on July 9, 2018.
             Killed by divine providence
             ... invoked by an orc priest
              (9 damage)
             ... on level 2 of the Dungeon.
             The game lasted 00:04:26 (1215 turns).

Kohma the Sneak (Vine Stalker Assassin)             Turns: 1215, Time: 00:04:27

Health: -8/18      AC:  4    Str: 14    XL:     3   Next: 16%
Magic:  0/4        EV: 11    Int: 11    God:
Gold:   51         SH:  0    Dex: 15    Spells: 2/2 levels left

rFire    . . .     SeeInvis .   a - +2 dagger
rCold    . . .     Gourm    .   (no shield)
rNeg     . . .     Faith    .   m - +0 leather armour
rPois    .         Spirit   +   (no helmet)
rElec    .         Reflect  .   d - +0 cloak
rCorr    .         Harm     .   (no gloves)
MR       .....                  (no boots)
Stlth    +++.......             (no amulet)
HPRegen  0.06/turn              (no ring)
MPRegen  0.09/turn              (no ring)

@: no status effects
A: fangs 2, magic shield, antimagic bite, no potion heal 3, rot immunity
a: no special abilities


You were on level 2 of the Dungeon.
You were hungry.

You visited 1 branch of the dungeon, and saw 2 of its levels.

You collected 51 gold pieces.

Inventory:

Hand Weapons
 a - a +2 dagger (weapon)
 b - a +0 blowgun
 o - a +1 dagger of pain
Missiles
 e - 39 poisoned needles
 f - 2 curare-tipped needles
 h - 6 tomahawks (quivered)
Armour
 d - a +0 cloak (worn)
 m - a +0 leather armour (worn)
Scrolls
 k - a scroll of remove curse {unknown}
 l - 3 scrolls of identify {unknown}
 n - a scroll of fear {unknown}
 r - a scroll of enchant weapon {unknown}
Potions
 c - a potion of curing {unknown}
 i - 2 potions of flight {unknown}
 j - a potion of heal wounds {unknown}
 q - a potion of might {unknown}
Comestibles
 g - 3 rations
 p - a chunk of flesh


   Skills:
 + Level 2.2 Fighting
 + Level 2.1 Short Blades
 + Level 2.2 Throwing
 - Level 0.7 Dodging
 + Level 5.2 Stealth


You had 2 spell levels left.
You didn't know any spells.

Dungeon Overview and Level Annotations

Branches:
Dungeon (2/15)

Altars:


Innate Abilities, Weirdness & Mutations

You have extremely sharp teeth.
When hurt, damage is shared between your health and your magic reserves.
Your bite disrupts and absorbs the magic of your enemies.
Potions cannot restore your health.
You are immune to rotting.


Message History

Your bite misses the orc priest.
The orc priest is moderately wounded.
The orc priest closely misses you.
You hit the orc priest.
You bite the orc priest, but do no damage.
The orc priest is heavily wounded.
The orc priest misses you.
You hit the orc priest.
The orc priest is severely wounded.
The orc priest barely misses you.
You closely miss the orc priest. Your bite misses the orc priest.
The orc priest is severely wounded.
The orc priest hits you.
* * * LOW HITPOINT WARNING * * *
You hit the orc priest but do no damage.
The orc priest is severely wounded.
The orc priest invokes the aid of Beogh against you.
Beogh smites you!
Ouch! That really hurt!
You die...

#.......# #.......#
##.....####
######........#
%...............
######..........
##........#.#
###.########..#<....##.#
......o@$...............
###...###########.......
### ###..... ######


You could see an orc priest.

Vanquished Creatures
  A leopard gecko (D:1)
  An orc (D:2)
  A ball python (D:1)
  A giant cockroach (D:1)
  9 hobgoblins (D:1)
  3 bats (D:1)
  3 frilled lizards
  A goblin (D:1)
  3 kobolds (D:1)
  3 rats (D:1)
26 creatures vanquished.

Notes
Turn   | Place    | Note
-------+----------+-------------------------------------------
     0 | D:1      | Kohma the Vine Stalker Assassin began the quest for the Orb.
     0 | D:1      | Reached XP level 1. HP: 11/11 MP: 2/2
   470 | D:1      | Reached skill level 5 in Stealth
   470 | D:1      | Reached XP level 2. HP: 15/15 MP: 3/3
  1087 | D:1      | Reached XP level 3. HP: 14/18 MP: 2/4
  1215 | D:2      | Killed from afar by an orc priest

Skill      XL: |  1  2 |
---------------+-------+-----
Stealth        | 5 |  5.2
Fighting       | 2 |  2.2
Short Blades   | 2 |  2.1
Throwing       | 2 |  2.2
Dodging        | |  0.7

Action                   || total
-------------------------++-------
Melee: Dagger            ||    75
       Bite              ||    14
 Fire: Blowgun           ||     3
Throw: Tomahawk          ||     3
 Stab: Sleeping          ||     7
       Distracted        ||     2
Armor: Robe              ||     2
       Leather armour    ||     9
Dodge: Dodged            ||    31
